 Dungeon Crawl Stone Soup version 0.30-a0-964-gd452b5e7fa (webtiles) character file.

Game seed: 7569261234672452288

38 Ahpoh the Slasher (level 3, -2/22 HPs)
             Began as a Gargoyle Gladiator on Mar 30, 2023.
             Slain by a gnoll
             ... wielding a +0 halberd
              (6 damage)
             ... on level 2 of the Dungeon.
             The game lasted 00:01:54 (703 turns).

Ahpoh the Slasher (Gargoyle Gladiator)               Turns: 703, Time: 00:01:55

Health: -2/22      AC:  7    Str: 17    XL:     3   Next: 43%
Magic:  3/3        EV: 12    Int:  8    God:
Gold:   31         SH:  0    Dex: 13    Spells: 2/2 levels left

rFire   . . .      SeeInvis .    a - +0 long sword
rCold   . . .      Faith    .    (no shield)
rNeg    + . .      Spirit   .    b - +0 leather armour
rPois   ∞          Reflect  .    c - +0 helmet
rElec   +          Rampage  .    (no cloak)
rCorr   .                        (no gloves)
Will    .....                    (no boots)
Stlth   +                        (no amulet)
HPRegen 0.23/turn                (no ring)
MPRegen 0.08/turn                (no ring)

@: no status effects
A: sickness immunity, AC +3, negative energy resistance 1, electricity
resistance, torment resistance 1, petrification resistance
a: no special abilities


You were on level 2 of the Dungeon.
You visited 1 branch of the dungeon, and saw 2 of its levels.

You collected 31 gold pieces.

Inventory:

Hand Weapons
 a - a +0 long sword (weapon)
Missiles
 d - 3 throwing nets (quivered)
 e - a javelin
Armour
 b - a +0 leather armour (worn)
 c - a +0 helmet (worn)
 m - a +0 ring mail
Scrolls
 f - a scroll of immolation {unknown}
 g - a scroll of vulnerability {unknown}
 i - 2 scrolls of fog {unknown}
 k - a scroll of blinking {unknown}
 l - a scroll of identify {unknown}
Potions
 h - a potion of curing {unknown}
 j - a potion of berserk rage {unknown}


   Skills:
 + Level 2.4 Fighting
 + Level 3.3 Long Blades
 + Level 1.9 Throwing
 + Level 2.9 Dodging


You had 2 spell levels left.
You didn't know any spells.
Your spell library contained the following spells:

 Spells                   Type           Power      Damage    Failure   Level
 Beastly Appendage        Tmut           0%         N/A       47%         1
 Wereblood                Tmut           0%         N/A       63%         2
 Spider Form              Tmut/Pois      0%         N/A       85%         3
 Passage of Golubria      Tloc           0%         N/A       99%         4
 Silence                  Hex/Air        0%         N/A       100%        5
 Lehudib's Crystal Spear  Conj/Erth      0%         10d2      100%        8


Dungeon Overview and Level Annotations

Branches:
Dungeon (2/15)

Altars:


Innate Abilities, Weirdness & Mutations

You are immune to sickness and miasma.
Your stone body is resilient. (AC +3)
You are immune to poison.
You resist negative energy. (rN+)
You are resistant to electric shocks. (rElec)
You are resistant to unholy torment.
You are immune to petrification.


Message History

Things that are here:
a +0 dagger; 2 stones; a kobold corpse You see here a +0 ring mail.
m - a +0 ring mail You open the door.
There is an open door here.
A gnoll comes into view. It is wielding a +0 halberd.
Found a scroll labelled PEFIWN LUOKH.
The gnoll shouts!
You hear a shout!
A gnoll comes into view. It is wielding a +0 club.
There is an open door here.
The gnoll closely misses you. The gnoll hits you with a +0 halberd.
You closely miss the gnoll. The gnoll hits you but does no damage.
You hit the gnoll.
The gnoll is moderately wounded.
The gnoll hits you with a +0 halberd!
You closely miss the gnoll.
The gnoll is moderately wounded.
The gnoll hits you with a +0 halberd!
* * * LOW HITPOINT WARNING * * *
You hit the gnoll but do no damage.
The gnoll is moderately wounded.
The gnoll closely misses you. The gnoll hits you but does no damage.
You hit the gnoll.
The gnoll is heavily wounded.
The gnoll misses you.
You barely miss the gnoll.
The gnoll is heavily wounded.
The gnoll closely misses you.
You hit the gnoll.
The gnoll is heavily wounded.
The gnoll misses you.
You hit the gnoll.
The gnoll is almost dead.
The gnoll barely misses you.
You hit the gnoll but do no damage.
The gnoll is almost dead.
The gnoll misses you. The gnoll hits you with a +0 halberd.
You die...

#... #.# .# #.# #...
#.# .# #.# #... #.# .#
#.# #...###.### .# #.#
#.........# .# #.#
##........# .# #.#
#........# .# #.#
######g#####
.#####.#####....@....#
..........##.........#
.#........##.........#
..........##.........#
##†.......##..)......#
.'..)................#
##........##.........#
###..#######.........#
........## #.........#
#.#


You could see a gnoll.

Vanquished Creatures
  3 dart slugs
  A giant cockroach (D:1)
  5 goblins
  4 hobgoblins
  3 jackals (D:1)
  2 quokkas (D:1)
  A ball python (D:1)
  3 bats
  2 frilled lizards (D:1)
  3 kobolds
  3 rats (D:1)
30 creatures vanquished.

Notes
Turn   | Place    | Note
-------+----------+-------------------------------------------
     0 | D:1      | Ahpoh the Gargoyle Gladiator began the quest for the Orb.
     0 | D:1      | Reached XP level 1. HP: 12/12 MP: 1/1
    47 | D:1      | Reached XP level 2. HP: 14/17 MP: 2/2
    64 | D:1      | Reached skill level 3 in Long Blades
   173 | D:1      | Reached XP level 3. HP: 18/22 MP: 3/3
   703 | D:2      | Slain by a gnoll

Illustrated notes

Levels and vault maps discovered:
D:1:      dpeg_arrival_lava_temple_mockup, layout_rooms
D:2:      layout_basic

Skill      XL: |  1  2 |
---------------+-------+-----
Long Blades    | 3 |  3.3
Fighting       | |  2.4
Throwing       | |  1.9
Dodging        | |  2.9

Action                     || total
---------------------------++-------
  Melee: Long sword        ||    93
         Punch             ||     1
 Armour: Leather armour    ||    45
  Dodge: Dodged            ||   105

Table legend: (Time is in decaauts)
 A = Elapsed time spent in this place.
 B = Non-inter-level travel time spent in this place.
 C = Inter-level travel time spent in this place.
 D = Time resting spent in this place.
 E = Time spent auto-exploring this place.
 F = Levels seen in this place.
 G = Mean time per level.
                   A        B        C        D        E       F      G
               +--------+--------+--------+--------+--------+-----+--------+
         Total |    725 |    696 |     29 |      0 |    414 |   2 |  362.5 |
       Dungeon |    725 |    696 |     29 |      0 |    414 |   2 |  362.5 |
               +--------+--------+--------+--------+--------+-----+--------+

Top non-repeatable levels by time:
     D:1: 551 daAuts
     D:2: 174 daAuts
